[Event "10th Amsterdam Science Park 2022"]
[Site "Amsterdam"]
[Date "2022.07.23"]
[Round "6.10"]
[White "Stolwijk, Colin"]
[Black "Schilstra, Laurens"]
[Result "1-0"]
[ECO "B08"]
[WhiteElo "2277"]
[BlackElo "1993"]
[Annotator "TA"]
[PlyCount "163"]
[EventDate "2022.07.18"]
[EventCountry "NED"]
[SourceTitle "playchess.com"]
[Source "ChessBase"]
[SourceQuality "1"]
[TimeControl "5400+30"]

1. e4 {[%emt 0:00:16] ChessBase II} g6 2. d4 Bg7 3. Nf3 d6 4. Be3 Nf6 5. Nc3 O-O 6. Qd2 e5 7. dxe5 dxe5 8. Qxd8 Rxd8 9. Bc4 Nc6 10. O-O h6 11. h3 Ne8 {[%emt 0:02:25] B08: Pirc Defence: Classical System.} 12. Rad1 {[%emt 0:03:14] [#]} Nd6 $146 ({Predecessor:} 12... Nd4 13. Bxd4 exd4 14. Ne2 Nd6 15. Bd3 c5 16. e5 Nf5 17. Nf4 g5 18. Nh5 Be6 19. Be4 {½-½ (44) Emms,J (2535)-Ftacnik,L (2595) Germany 1997 GER-chT [ChessBase II]}) 13. Bd5 Kh7 {[%emt 0:02:32] White has an edge.} 14. Bxc6 {[%emt 0:02:57] White is more active.} bxc6 15. Nd2 f5 16. f3 f4 17. Bf2 Be6 18. b3 (18. Nb3 $16) 18... g5 19. Na4 Bf7 20. Nb1 h5 21. Nc5 a5 22. a4 Bh8 23. Rd3 Rg8 24. Be1 g4 (24... Kg7 $142) 25. hxg4 $16 hxg4 26. fxg4 Rxg4 27. Rh3+ Kg8 28. Bc3 Bg7 (28... Bg6 $16) 29. Nd2 $18 Bg6 30. Re1 Nf7 31. Nf3 Nd6 (31... Ng5 $16 32. Nxg5 Rxg5) 32. Nxe5 (32. Bxe5 Re8) 32... Rg5 33. Ned7 {[%emt 0:01:46] [#] And now Bxg7 would win. Pair of Knights!} Re8 34. e5 Bxc2 (34... Bf5 $142 35. Rf3 Rg4) 35. exd6 ({Less strong is} 35. Bxa5 Bf5 36. Rf3 Re7 $18) 35... Rxe1+ 36. Bxe1 cxd6 37. Ne6 Rd5 38. Nxg7 ({Don't do} 38. Nxf4 Rd1) 38... Kxg7 39. Nb6 Rg5 40. Rf3 Rg4 41. g3 fxg3 $2 (41... Rg6 42. Rxf4 Bxb3 43. Bc3+ Kh6 44. Rh4+ Kg5 45. Bxa5 Bc2 46. Bd2+ Kf5) 42. Rxg3 Rxg3+ 43. Bxg3 Bxb3 44. Bxd6 Kf6 45. Bc5 {[%emt 0:00:00] [#] Threatens to win with Kf2.} Ke6 $2 (45... Kf7 46. Kf2 Ke8) 46. Kf2 Bxa4 (46... Bc2 $18 47. Ke2 Bg6) 47. Nxa4 Kd5 48. Ke3 Kc4 49. Bf8 c5 50. Nxc5 Kb5 51. Kd3 a4 52. Kc3 a3 53. Kb3 a2 54. Kxa2 Kb4 55. Kb2 Kc4 56. Kc2 Kd4 57. Kd2 Kc4 58. Ke3 Kc3 59. Nd3 Kc4 60. Ke4 Kb5 61. Kd5 Kb6 62. Kc4 Kc6 63. Ne5+ Kb6 64. Bd6 Ka6 65. Nd7 Kb7 66. Kd5 Ka7 67. Kc6 Ka8 68. Nb6+ Ka7 69. Be5 Ka6 70. Bb8 Ka5 71. Nd5 {[%emt 0:00:31] White mates.} Ka6 72. Nb4+ Ka5 73. Kc5 Ka4 74. Kc4 Ka5 75. Bc7+ Ka4 76. Bb6 Ka3 77. Nd3 Ka4 78. Nb2+ Ka3 79. Kc3 Ka2 80. Kc2 Ka3 81. Bc5+ Ka2 82. Nd3 {[%emt 0:00:11] Weighted Error Value: White=0.12 (very precise) /Black=0.45} 1-0

[Event "10th Amsterdam Science Park 2022"]
[Site "Amsterdam"]
[Date "2022.07.24"]
[Round "7.1"]
[White "Van Delft, Merijn"]
[Black "Blom, Vincent"]
[Result "1/2-1/2"]
[ECO "B02"]
[WhiteElo "2383"]
[BlackElo "2325"]
[Annotator "TA"]
[PlyCount "41"]
[EventDate "2022.07.18"]
[EventCountry "NED"]
[SourceTitle "playchess.com"]
[Source "ChessBase"]
[SourceQuality "1"]
[TimeControl "5400+30"]

1. e4 Nf6 2. e5 Ng8 3. d4 d6 4. Nf3 dxe5 5. Nxe5 Nd7 6. Nf3 {[%emt 0:04:10] 0x0.00144a0789a0dp-1022s more active pieces. B02: Alekhine's Defence: Chase Variation and lines with early Nc3.} (6. Bd3 {with more complications.} g6 7. Qe2 Bg7 8. O-O) 6... Ngf6 7. c4 e6 8. Nc3 {[%emt 0:00:24] White has an edge.} b6 9. Be2 Bb7 10. O-O Be7 11. Bf4 {[%emt 0:03:50] [#]} Ne4 $146 ({Predecessor:} 11... O-O 12. Qd3 Nh5 13. Bc1 Nhf6 14. Bf4 Nh5 15. Be3 Nhf6 16. Rad1 c5 17. Ne5 Rc8 {1-0 (62) Piorun,K (2631)-Berkes,F (2666) Skopje 2019}) 12. Nxe4 Bxe4 13. Qa4 O-O 14. Rfd1 a6 15. Rac1 b5 16. Qa5 bxc4 ({Black should play} 16... c6 $14 17. Qc3 Rc8) 17. Bxc7 $16 Qc8 18. Nd2 Bc6 19. Bf3 ({Of course not} 19. Bxc4 $6 Qb7 20. Bf4 Bxg2 $11) (19. Rxc4 $6 Bb5 $11) (19. Nxc4 $16 {Strongly threatening Bd6.} Qb7 20. Nd6 Bxd6 21. Bxd6) 19... Bxf3 $11 20. Nxf3 Qb7 21. Rxc4 {[%emt 0:05:12] Weighted Error Value: White=0.17 (very precise) /Black=0.11 (very precise)} 1/2-1/2

[Event "10th Amsterdam Science Park 2022"]
[Site "Amsterdam"]
[Date "2022.07.24"]
[Round "7.2"]
[White "De Winter, Arthur"]
[Black "Bosboom, Manuel"]
[Result "1-0"]
[ECO "B94"]
[WhiteElo "2150"]
[BlackElo "2381"]
[Annotator "TA"]
[PlyCount "81"]
[EventDate "2022.07.18"]
[EventCountry "NED"]
[SourceTitle "playchess.com"]
[Source "ChessBase"]
[SourceQuality "1"]
[TimeControl "5400+30"]

1. e4 c5 2. Nf3 d6 3. d4 cxd4 4. Nxd4 Nf6 5. Nc3 a6 6. Bg5 Nbd7 7. Qe2 $1 {[%emt 0:00:16][%mdl 4] 7.Qe2 is setting a new trend. B94: Sicilian Najdorf: 6 Bg5 Nbd7.} h6 8. Bh4 g6 9. O-O-O {[%emt 0:03:49] The position is equal.} e5 10. Nb3 Be7 11. g4 b5 12. a3 Qc7 13. Bg2 Nb6 14. h3 {[%emt 0:03:40][%cal Of2f4] [#]} Be6 $146 ({Predecessor:} 14... Na4 15. Bxf6 Bxf6 16. Nd5 Qd8 17. Nxf6+ Qxf6 18. Qd2 O-O 19. Qxh6 Qxf2 20. Rd2 Qg3 21. Rxd6 Qxg2 22. Rxg6+ {½-½ (22) Andronescu,M (2122)-Szabo,G (2524) Eforie Nord 2022}) 15. f4 O-O 16. f5 Bc4 17. Qe3 g5 18. Bf2 Rfb8 (18... Na4 $15) 19. Kb1 $2 (19. Na5 $1 $14 {was forced to keep a grip.}) 19... a5 $1 $19 20. Nd5 {[%emt 0:06:02] Prevents b4.} Bxd5 21. exd5 b4 {[%emt 0:00:37] Strongly threatening ...Nc4.} 22. h4 $2 (22. a4) 22... Nxg4 {[%emt 0:10:29] Pair of Knights!} 23. Qg3 Nxf2 24. hxg5 {[%emt 0:00:59] [#]} hxg5 25. f6 $1 $11 {[%emt 0:11:39] Chess con chili.} Bxf6 26. Qxf2 Qe7 {[%emt 0:02:25] ...bxa3 is the strong threat.} 27. a4 {[%emt 0:04:09] Threatens to win with Rdf1.} Bg7 (27... e4 $1 $11 {remains equal.} 28. Rdf1 Nxd5) 28. Qf5 $40 {[%emt 0:01:46][%mdl 128] White goes for the king. White is much more active.} Nxa4 $2 ({Much worse is} 28... Kf8 29. Rdf1 $11) (28... e4 $16 {prevents the worst.}) 29. Be4 $18 {[%emt 0:01:08][%cal Oh1h8] Threatening mate with Rh8+!} ({Not} 29. Rh5 Nxb2 $1 30. Kxb2 a4 $11) 29... Kf8 {[%emt 0:01:10][%cal Oa4b2] aiming for ...Nxb2!} 30. Rdf1 Nc3+ 31. bxc3 bxc3 32. Rh7 {[%emt 0:00:27][%cal Oh7g7] Intending Rxg7! and mate.} f6 33. Rfh1 {[%emt 0:00:42] Rh8+ would kill now.} Qf7 {[%emt 0:00:33] [#]} 34. R1h6 (34. Rxg7 $142 $1 Qxg7 35. Rh7) 34... a4 {[%emt 0:02:24] [#]} 35. Rxg7 $1 {[%emt 0:00:21][%mdl 576] Remove Defender} Qxg7 36. Rxf6+ Ke8 37. Re6+ Kd8 38. Rxd6+ Kc7 39. Rc6+ Kd8 40. Rg6 Qd7 41. Qf8+ {[%emt 0:00:22] Weighted Error Value: White=0.42/Black=0.82} 1-0

[Event "10th Amsterdam Science Park 2022"]
[Site "Amsterdam"]
[Date "2022.07.24"]
[Round "7.3"]
[White "Zwirs, Nico"]
[Black "Van der Poel, Henk"]
[Result "1-0"]
[ECO "B67"]
[WhiteElo "2485"]
[BlackElo "2210"]
[Annotator "TA"]
[PlyCount "47"]
[EventDate "2022.07.18"]
[EventCountry "NED"]
[SourceTitle "playchess.com"]
[Source "ChessBase"]
[SourceQuality "1"]
[TimeControl "5400+30"]

1. e4 c5 2. Nf3 d6 3. d4 cxd4 4. Nxd4 Nf6 5. Nc3 Nc6 6. Bg5 e6 7. Qd2 a6 8. O-O-O Bd7 9. Kb1 Be7 10. Nxc6 Bxc6 11. f3 b5 12. h4 {[%emt 0:01:01] B67: Sicilian: Richter-Rauzer: 7...a6 8 0-0-0 Bd7, lines without 9 f4 Be7.} Qc7 {[%emt 1:13:24] 12...h6 is a critical line.} 13. Ne2 h5 14. Nd4 {[%emt 0:08:05] White is slightly better.} Bd7 15. Bd3 {[%emt 0:04:59] [#]} Qb6 $146 ({Predecessor:} 15... Rb8 16. Qe2 g6 17. f4 e5 18. Nf3 Ng4 19. f5 f6 20. Bd2 gxf5 21. exf5 d5 {0-1 (41) Chytilek,R (2397)-Belunek,V (2233) Czech Republic 2000}) 16. Ne2 O-O-O (16... b4 $14) 17. Be3 $18 Qb7 18. Qa5 $36 {[%emt 0:00:48][%mdl 2048] And now c4 would win. White is in control.} Kb8 (18... d5 {keeps fighting.}) 19. c4 {[%emt 0:03:37] cxb5 is the strong threat.} Rc8 {[%emt 0:00:00] [#]} 20. cxb5 Bxb5 {[%emt 0:00:00] [#]} 21. Nd4 $1 Bd8 22. Qa3 {[%emt 0:00:35] Strongly threatening Bxb5.} Be7 $2 (22... Bb6 23. Nxb5 axb5) 23. Nxb5 axb5 {[%emt 0:00:00] [#]} 24. Bxb5 $1 {[%emt 0:00:19][%mdl 512] White took control after the opening.  Weighted Error Value: White=0.01 (flawless) /Black=0.39} 1-0

[Event "10th Amsterdam Science Park 2022"]
[Site "Amsterdam"]
[Date "2022.07.24"]
[Round "7.4"]
[White "Kumar, Prajit Sai"]
[Black "De Groote, Ewoud"]
[Result "1/2-1/2"]
[ECO "D02"]
[WhiteElo "2040"]
[BlackElo "2245"]
[Annotator "TA"]
[PlyCount "110"]
[EventDate "2022.07.18"]
[EventCountry "NED"]
[SourceTitle "playchess.com"]
[Source "ChessBase"]
[SourceQuality "1"]
[TimeControl "5400+30"]

1. d4 Nf6 2. Nf3 e6 3. Bf4 d5 4. c3 Bd6 5. e3 O-O 6. Nbd2 {[%emt 0:00:09] D02: 1 d4 d5 2 Nf3 sidelines, including 2...Nf6 3 g3 and 2...Nf6 3 Bf4.} c5 7. Bg3 Qc7 8. dxc5 Qxc5 9. Bd3 Nbd7 10. Qe2 e5 {[%emt 0:16:55] [#] aiming for ...e4.} 11. e4 Re8 12. O-O dxe4 13. Bxe4 {[%emt 0:01:01] [#]} Bf8 $146 ({Predecessor:} 13... Nf8 14. Bh4 Nxe4 15. Nxe4 Qc7 16. Rad1 Be7 17. Bxe7 Rxe7 18. Nd6 Ng6 19. Nb5 Qc6 {1-0 (58) Bharath,S (2508)-Zierk,S (2488) Chess.com INT 2022}) 14. Bc2 g6 15. Rfe1 Bg7 16. Ng5 (16. Nxe5 Nxe5 17. Bxe5 Nd7 $15) 16... h6 17. Nge4 (17. Nxf7 {is interesting.} Kxf7 18. Bb3+ Kf8 19. Qd3) 17... Nxe4 18. Nxe4 (18. Qxe4 $6 Nf6 19. Qf3 Bd7 $11) 18... Qb6 19. Rad1 {[%emt 0:01:47] And now Bb3 would win.} Nc5 {[%emt 0:03:14] Against Bb3} (19... Nf8 $16 {was necessary.}) 20. Nd6 $18 Re7 21. Nc4 (21. b4 $18) 21... Qa6 22. Rd8+ (22. Bxe5 $6 Bd7 $11) 22... Kh7 {[%emt 0:00:05][%cal Oc8g4] Strongly threatening ...Bg4!} 23. Rd6 {[%emt 0:08:24] White is more active.} (23. Bxe5 {[#]} Bg4 $1 24. Qxg4 Rxd8 $17) 23... b6 24. b4 (24. Bxe5 $6 Bf5 25. Bxf5 gxf5 $11) 24... Be6 (24... Na4 $1 $14) 25. Nxe5 (25. bxc5 Qxc4 26. Qxc4 (26. Bxe5 $2 Qxe2 27. Rxe2 Bc4 $19) (26. cxb6 Qc5 $11) 26... Bxc4 $11) 25... Qxe2 26. Rxe2 Bc4 27. Re3 ({Wrong is} 27. Nxc4 $2 Rxe2 28. Ne3 Re1+ 29. Nf1 Ne4 30. Bxe4 Rxe4 $19) 27... Bxe5 28. Bxe5 Rae8 29. Bd4 {[%emt 0:02:34] A strong pair of Bishops.} ({Don't do} 29. bxc5 Rxe5 30. c6 (30. cxb6 axb6 31. Bb3 Rxe3 $14) 30... Rxe3 31. fxe3 Bxa2 $14) 29... Ne4 30. Bxe4 Rxe4 31. a4 Rxe3 32. fxe3 $16 {[%emt 0:00:11][%cal Bf2e3,Be3e4][%mdl 4128] Endgame KRB-KRB} Rc8 {[%emt 0:00:59] Prevents Rc6.} (32... Be6 $16 {is a better defense.} 33. a5 bxa5) 33. Rd7 $18 Ra8 34. Rc7 Be6 35. Kf2 g5 (35... Kg8 $16 {was worth a try.} 36. c4 Kf8) 36. e4 Kg6 37. Ke3 h5 38. Kd3 f5 39. exf5+ Kxf5 40. Re7 h4 41. Ke3 Bc4 42. Re5+ Kg6 43. Kd2 Rd8 44. Ke1 (44. Re7 $16) 44... Rf8 $14 45. Bf2 Rf6 46. a5 bxa5 47. bxa5 (47. Be3 $5 ) 47... a6 48. Be3 Rf5 49. Rxf5 Kxf5 $11 {[%emt 0:00:00] KB-KB} 50. Kf2 Bd5 51. Bb6 g4 52. h3 g3+ {[%emt 0:00:00] The position is equal.} 53. Kf1 Bc4+ 54. Kg1 {[%emt 0:00:00] Threatens to win with Bd8.} Kg6 55. Bd8 Kh5 {[%emt 0:00:01] Blacks defense is rewarded with a draw.  Weighted Error Value: White=0.13 (very precise) /Black=0.12 (very precise)} 1/2-1/2

[Event "10th Amsterdam Science Park 2022"]
[Site "Amsterdam"]
[Date "2022.07.24"]
[Round "7.5"]
[White "Bruil, Rembrandt"]
[Black "Van Baar, Esper"]
[Result "1-0"]
[ECO "A46"]
[WhiteElo "2204"]
[BlackElo "2281"]
[Annotator "TA"]
[PlyCount "81"]
[EventDate "2022.07.18"]
[EventCountry "NED"]
[SourceTitle "playchess.com"]
[Source "ChessBase"]
[SourceQuality "1"]
[TimeControl "5400+30"]

1. d4 Nf6 2. Nf3 e6 3. g3 b5 4. Bg2 Bb7 5. O-O c5 6. c3 Be7 7. Nbd2 d5 {[%emt 0:05:03] A46: 1 d4 Nf6 2 Nf3 e6: Torre, London and Colle Systems.} (7... O-O $142) 8. dxc5 $11 Bxc5 9. Nb3 Be7 {[%emt 0:02:02] [#] The position is equal.} 10. Nbd4 $146 ({Predecessor:} 10. Be3 Nbd7 11. Nbd4 a6 12. h3 O-O 13. Nd2 Rb8 14. N4b3 Qc7 15. Rc1 Rfd8 16. Qc2 {½-½ (55) Voelzke,S (2124)-Potthammel,J (2067) Rheda Wiedenbrueck 2001}) 10... a6 11. a4 b4 12. cxb4 Bxb4 13. Bd2 Qe7 14. Bxb4 Qxb4 15. Qb3 a5 (15... Nc6 $14) 16. Qxb4 axb4 17. Rfc1 Na6 {[%emt 0:01:16] Against Rc7} 18. e3 Nd7 19. Bf1 Ndc5 20. Ne5 f6 21. Bxa6 Nxa6 22. Nd3 {[%emt 0:00:12] White is much more active. The black rooks are badly placed. Pair of Knights!} Kd7 23. Nc5+ Nxc5 24. Rxc5 e5 25. Rb5 $36 {[%emt 0:04:28][%mdl 2048] White has good play.} Rab8 26. Nc2 b3 $1 27. Rxb3 Ba6 {[%emt 0:00:04] Prevents Rd3.} (27... Rhc8 $5 28. Rc3 Bc6 $11) 28. Raa3 Bc4 (28... Rhc8 $11 29. Rxb8 Rxb8) 29. Rxb8 $1 $14 Rxb8 {[%emt 0:00:03][%mdl 4096] Endgame KRB-KRN} 30. b4 d4 $2 {[%emt 0:00:39] This move loses the game for Black.} ({Black should play} 30... Be2 $14) 31. exd4 $18 exd4 {[%emt 0:00:08] [#]} 32. b5 $1 ({But not} 32. Nxd4 $6 Rxb4 33. Nf5 g6 $14) 32... d3 33. Ne3 d2 {[%emt 0:00:37][%cal Ob8e8] ...Re8! is the strong threat.} 34. Rc3 Rc8 (34... Bf7 $142 35. Rd3+ Kc7 36. Rxd2 Ra8 37. Rc2+ Kb8) 35. Rc2 Bb3 36. Rxd2+ Ke6 37. a5 Rc1+ 38. Kg2 Rc5 39. Rb2 Rxb5 {[%emt 0:00:20] [#] aiming for ...Bd5+.} 40. a6 Bc4 $2 (40... Bd5+ $18 41. Nxd5 Rxd5) 41. Nxc4 {[%emt 0:00:07] Weighted Error Value: White=0.07 (flawless) /Black=0.50} 1-0

[Event "10th Amsterdam Science Park 2022"]
[Site "Amsterdam"]
[Date "2022.07.24"]
[Round "7.6"]
[White "Vroombout, Enrico"]
[Black "Stolwijk, Colin"]
[Result "0-1"]
[ECO "D15"]
[WhiteElo "2125"]
[BlackElo "2277"]
[Annotator "TA"]
[PlyCount "96"]
[EventDate "2022.07.18"]
[EventCountry "NED"]
[SourceTitle "playchess.com"]
[Source "ChessBase"]
[SourceQuality "1"]
[TimeControl "5400+30"]

1. d4 Nf6 2. c4 c6 3. Nc3 d5 4. Nf3 a6 5. g3 e6 6. Bg2 {[%emt 0:00:58] D15: Slav Defence: 4 Nc3 a6 and gambit lines after 4 Nc3 dxc4.} Nbd7 7. O-O dxc4 8. Qc2 {[%emt 0:10:48] The position is equal.} b5 9. Rd1 Bb7 10. a4 (10. Ne5 $11) 10... Bb4 11. Ne5 Nd5 12. Ne4 {[%emt 0:07:35] [#]} Nxe5 $146 (12... a5 {with more complications.} 13. Bd2 O-O 14. Ng5 g6) ({Predecessor:} 12... Qc7 13. Nxd7 Qxd7 14. Nc5 Bxc5 15. dxc5 Qe7 16. e4 Nf6 17. b3 cxb3 18. Qxb3 O-O {½-½ (27) Serna Lara,S (2234)-O'Neill Y Daneiko,J (2071) Almansa 2009}) 13. dxe5 Qc7 14. Bd2 Be7 15. Nd6+ Bxd6 16. exd6 Qxd6 17. Bc3 ({White should try} 17. axb5 $14 cxb5 18. e4) 17... O-O-O (17... e5 $1 $11 {keeps the balance.}) 18. Bxg7 $16 {[%emt 0:01:07] This bishop pair is nice.} Rhg8 19. Qxh7 f5 20. Bxd5 cxd5 21. Bd4 (21. Bf6 $1 $14) 21... b4 $1 $11 22. Qh6 f4 (22... a5 $142) 23. Kf1 (23. e3 $11) 23... Rdf8 24. Ke1 (24. Rac1 $11) 24... Rf7 25. Qh5 Rf5 26. Qh7 Rgf8 27. g4 {[%emt 0:01:36] [#]} Rg5 28. f3 (28. a5 $142) 28... e5 $17 29. Bf2 Kb8 (29... Rgg8 $17 {And now ...Rh8 would win.} 30. h4 Kb8) 30. Rac1 {[%emt 0:00:31] [#]} (30. Bh4 $11 Qb6 31. Bxg5 Qg1+ 32. Kd2 Qe3+ 33. Ke1 (33. Kc2 Qxe2+ 34. Kc1 b3 $15) 33... Qg1+ 34. Kd2 Qe3+ 35. Ke1 (35. Kc2 Qxe2+ 36. Rd2 b3+ 37. Kc1 Qe1+ 38. Rd1 Qe2 $15) 35... Qg1+) 30... Rc8 ({Black should play} 30... Qe6 $1 $17) 31. Bh4 (31. h4 $11 Rc7 32. Qh8+ Rc8 33. Qh7) 31... Rg6 32. Qe7 Qxe7 (32... a5 $17 {White must now prevent ...Qxe7.} 33. Qxd6+ Rxd6) 33. Bxe7 $15 a5 $36 {[%emt 0:00:12][%mdl 2048] Black has some pressure.} 34. h4 (34. g5 $1 $11) 34... Re6 $17 35. Bg5 d4 {[%emt 0:00:17] Black is more active.} 36. b3 $2 {[%emt 0:04:17][%mdl 8192] This costs White the game.} (36. h5 $17 {is a better chance.}) 36... c3 $19 {[%emt 0:02:47] Threatens to win with ...Bd5.} 37. Rc2 Bd5 38. Rb1 Rg8 {[%emt 0:00:33] Hoping for ...e4.} 39. Kf2 Kc7 40. Rcc1 Kd7 41. Rc2 Rc6 42. Rcc1 Rg7 43. Rc2 Bg8 {[%emt 0:00:00] aiming for ...Bh7.} 44. Rcc1 Rd6 45. Ke1 Kc6 46. Kf2 (46. Rd1 $142) 46... Kc5 {[%emt 0:00:00] Black is clearly winning.} 47. Rd1 {[%emt 0:00:00] [#]} Bxb3 $1 48. Rxb3 Kc4 {[%emt 0:00:00] Weighted Error Value: White=0.64/Black=0.24 (precise)} 0-1

[Event "10th Amsterdam Science Park 2022"]
[Site "Amsterdam"]
[Date "2022.07.24"]
[Round "7.7"]
[White "Bullen, Alex"]
[Black "Croese, Cor"]
[Result "1-0"]
[ECO "B08"]
[WhiteElo "2106"]
[BlackElo "2173"]
[Annotator "TA"]
[PlyCount "85"]
[EventDate "2022.07.18"]
[EventCountry "NED"]
[SourceTitle "playchess.com"]
[Source "ChessBase"]
[SourceQuality "1"]
[TimeControl "5400+30"]

1. d4 g6 2. e4 Bg7 3. Nf3 d6 4. Nc3 c6 5. a4 Nf6 6. h3 O-O 7. Be3 Nbd7 8. Be2 e5 9. dxe5 dxe5 10. Qd6 {[%emt 0:00:13] B08: Pirc Defence: Classical System.} Re8 {[%emt 0:03:05] [#]} 11. Bc4 $1 Qe7 12. Qxe7 {[%emt 0:00:38] 0x0.00144b0bdc0adp-1022s more active pieces. White is better.} Rxe7 13. O-O-O h6 {[%emt 0:01:21] [#]} 14. Nh4 $146 ({Predecessor:} 14. g4 Nf8 15. Rd8 Re8 16. Rhd1 Ne6 17. Bxe6 Bxe6 18. Rxa8 Rxa8 19. Nxe5 h5 20. Rg1 hxg4 21. Nxg4 {½-½ (45) Schmidt,K (2303)-Hoi,C (2372) Denmark 2012}) 14... Nf8 15. Rd8 {[%emt 0:05:13] Black must now prevent Nxg6.} Re8 $1 16. Rhd1 {[%emt 0:01:58] Threatens to win with Rxe8.} Be6 17. Rxe8 Nxe8 18. Bxe6 Nxe6 19. Rd7 b6 20. Nf3 N8c7 21. Rd6 c5 22. Nd5 Nxd5 23. Rxd5 (23. exd5 $16 Rd8 24. Rxd8+ Nxd8 25. Nd2) 23... Nf4 (23... Kf8 $14) 24. Bxf4 $16 exf4 {[%emt 0:00:05][%mdl 4096] Endgame KRB-KRN} 25. e5 Re8 26. Kd2 f6 27. exf6 Bxf6 28. b3 Kf7 29. Rd7+ (29. Kd3 $1 $14) 29... Re7 $11 30. Rxe7+ Kxe7 {[%emt 0:00:11] KB-KN} 31. Kd3 {[%emt 0:00:43] Strongly threatening Ke4.} g5 {[%emt 0:12:05] [#]} (31... Kd6 $1 $11 {remains equal.}) 32. Kc4 $1 $16 a6 $2 {[%emt 0:03:49] Loses the game.} (32... Kd6 $16 {was necessary.}) 33. a5 $18 bxa5 34. Kxc5 Bc3 35. Nd4 Kf6 36. Kd5 h5 37. f3 g4 38. hxg4 hxg4 39. fxg4 {[%emt 0:00:18] Threatening mate with Ne2.} Kg5 40. Ne2 Bd2 41. c4 Be3 42. c5 {[%emt 0:03:17] White wants to mate with c6.} Kxg4 43. Nd4 {[%emt 0:02:10] Weighted Error Value: White=0.06 (flawless) /Black=0.85} 1-0

[Event "10th Amsterdam Science Park 2022"]
[Site "Amsterdam"]
[Date "2022.07.24"]
[Round "7.8"]
[White "Van der Velde, Henk"]
[Black "Baarslag, Ed"]
[Result "0-1"]
[ECO "A13"]
[WhiteElo "2079"]
[BlackElo "2161"]
[Annotator "TA"]
[PlyCount "58"]
[EventDate "2022.07.18"]
[EventCountry "NED"]
[SourceTitle "playchess.com"]
[Source "ChessBase"]
[SourceQuality "1"]
[TimeControl "5400+30"]

1. c4 e6 2. g3 d5 3. Bg2 Nf6 4. Nf3 dxc4 5. Qc2 c5 6. Na3 {[%emt 0:00:57][%cal Bb1a3,Ba3c4,Bc4e5][%mdl 32] A13: English Opening: 1...e6.} Nc6 7. Nxc4 Bd7 8. O-O {[%emt 0:04:46] [#] White has an edge.} Rc8 $146 ({Predecessor:} 8... Be7 9. Rd1 Rc8 10. Nce5 O-O 11. Qb3 Qc7 12. Nxd7 Nxd7 13. d4 cxd4 14. Nxd4 Nxd4 15. Rxd4 {1-0 (28) Mueller,A (2260)-Karabalis,H Bruchkoebel 1993}) 9. d3 b5 10. Nce5 Be7 11. e4 O-O 12. Bf4 Qb6 13. Rac1 Rfd8 14. Nxc6 Rxc6 15. Ne5 Rcc8 16. Nxd7 Nxd7 17. d4 {[%emt 0:03:47] [#]} (17. Rfd1 $11) 17... g5 $1 $17 18. Bd2 cxd4 19. Qxc8 Rxc8 20. Rxc8+ Kg7 21. Rfc1 Ne5 {[%emt 0:03:08] [#] Prevents R1c6. Threatens to win with ...Nc4.} 22. Re8 $1 Bf6 {[%emt 0:04:47] ...d3 is the strong threat.} 23. Rcc8 {[%emt 0:04:31] aiming for Rg8+.} h6 {[%emt 0:00:37] Hoping for ...Kh7.} 24. Bb4 $2 {[%emt 0:00:59][%mdl 8192] This costs White the game.} (24. Rh8 $1 $15 Kg6 25. Rcg8+ Bg7 26. h4) 24... d3 $19 {[%emt 0:03:32] Really sharp!} 25. Kf1 $2 (25. h3 Kg6 26. Rc1) 25... Qd4 {[%emt 0:02:54][%csl LRb2,LRb4] Strongly threatening ...d2.} 26. Bd2 Ng4 {[%emt 0:03:36][%csl Gg4][%cal Rd4f2] Black mates.} 27. Rg8+ Kh7 28. Rh8+ Bxh8 29. Rxh8+ Qxh8 {[%emt 0:00:29] Weighted Error Value: White=0.79/Black=0.03 (flawless)} (29... Kxh8 $2 {loses.} 30. Bc3 Nxh2+ 31. Ke1 d2+ 32. Kd1 Qxc3 33. bxc3 $19) 0-1